 Dungeon Sprint DCSS version bcrawl-1.12-11-gb93c957c58 (webtiles) character file.

Game seed: 4122396195634608414

268376 Groucho the Imperceptible (level 12, 77/77 HPs)
             Began as a Felid Berserker on July 7, 2019.
             Was the Champion of Trog.
             Escaped with the Orb!
             The game lasted 00:25:27 (6488 turns).

Groucho the Imperceptible (Felid Berserker)         Turns: 6488, Time: 00:25:28

Health: 77/77      AC:  5    Str: 13    XL:     12   Next: 15%
Magic:  13/13      EV: 36    Int:  9    God:    Trog [******]
Gold:   1887       SH:  0    Dex: 20    Spells: 11/11 levels left
                                        Lives:  1   Deaths: 2

rFire    + . .     SeeInvis +     - Unarmed
rCold    + + .     Gourm    .   (shield unavailable)
rNeg     + . .     Faith    .   (armour unavailable)
rPois    .         Spirit   .   (helmet unavailable)
rElec    .         Reflect  .   (cloak restricted)
rCorr    .         Harm     .   (gloves unavailable)
MR       ++...     NoTele   +   (boots unavailable)
Stlth    ++++......             u - amulet "Odghos" {RegenMP rF+}
HPRegen  0.22/turn              t - ring of flight
MPRegen  0.38/turn              s - ring "Etrux" {rC+ rN+ MR+}

@: hasted (expiring), very quick
A: very small, no armour, no weapons or thrown items, stealth, claws 1, fangs 3,
yellow scales 1, see invisible, carnivore, speed 1, shaggy fur 3, slow
metabolism 1, sharp paws
0: Orb of Zot
a: Berserk, Trog's Hand, Brothers in Arms, Renounce Religion, Evoke Flight


You escaped.
You worshipped Trog.
Trog was exalted by your worship.
You were not hungry.

You visited 1 branch You collected 4595 gold pieces.
You spent 2708 gold pieces at shops.

Inventory:

Jewellery
 c - an uncursed amulet of guardian spirit {unknown}
 k - an uncursed ring of magical power
 l - the ring "Ushruuffoal" {rF+ Str+2}
   (You bought it in a shop in the Dungeon)

   [ring of strength]

   It affects your strength (+2).
   It protects you from fire.
 s - the ring "Etrux" (right paw) {rC+ rN+ MR+}
   (You bought it in a shop in the Dungeon)

   [ring of positive energy]

   It protects you from cold.
   It protects you from negative energy.
   It affects your resistance to hostile enchantments.
 t - a ring of flight (left paw)
 u - the amulet "Odghos" (around neck) {RegenMP rF+}
   (You bought it in a shop in the Dungeon)

   [amulet of magic regeneration]

   It increases your magic regeneration.
   It protects you from fire.
Wands
 h - a wand of polymorph (10)
 j - a wand of flame (8)
Scrolls
 g - a scroll of enchant armour
 i - 3 scrolls of remove curse
 n - a scroll of fog
 r - 4 scrolls of identify
 v - 2 scrolls of blinking
 w - a scroll of amnesia
 y - a scroll of enchant weapon
 z - a scroll of vulnerability
 A - 2 scrolls of immolation
Potions
 b - 5 potions of curing
 d - 2 potions of haste
 e - 2 potions of magic
 f - a potion of berserk rage
 p - a potion of brilliance
 q - 2 potions of degeneration
 x - a potion of agility {unknown}
Comestibles
 a - a ration {!d}


   Skills:
 + Level 16.0 Fighting
 + Level 19.9 Dodging
 + Level 25.3 Stealth
 + Level 18.5 Unarmed Combat


You had 11 spell levels left.
You didn't know any spells.
Your spell library was empty.

Dungeon Overview and Level Annotations

Branches:
Dungeon (1/1)

Altars:
Cheibriados
Dithmenos
Elyvilon
Fedhas
Gozag
Hepliaklqana
Kikubaaqudgha
Lugonu
Makhleb
Nemelex Xobeh
Okawaru
Qazlal
Ru
Sif Muna
Trog
Uskayaw
Vehumet
Wu Jian
Xom
Yredelemnul
Zin
The Shining One
Jiyva

Shops:
D :=}=[**%(:*(*[}=(?([[:

Annotations:
D Lom Lobon, Tiamat


Innate Abilities, Weirdness & Mutations

You cannot wear almost all types of armour.
You are incapable of wielding weapons or throwing items.
Your paws allow you to move quietly. (Stealth)
You have sharp claws.
You have razor-sharp teeth.
You have supernaturally acute eyesight. (SInv)
You are carnivorous and can eat meat at any time.
You cover ground quickly.
Your thick and shaggy fur keeps you warm. (AC +3, rC+)
You have a slow metabolism.
Your sharp claws are effective at attacking unaware monsters.
You are partially covered in yellow scales. (AC +2)


Message History

There is an open door here.
There is an open door, spattered with blood here.
There is an open door here.
There is an open door here.
There is an open door here.
There is an open door here.
There is an open door here.
There is an open door here.
Things that are here:
a +1 scythe of protection; a +0 robe
There is an open door here.
You see here a +0 giant club.
There is an open door here.
Your extra speed is starting to run out.
Items here: ( )) [ a +2 dagger of electrocution; a +0 hunting sling; 116 sling bullets a +0 chain mail
There is an open door here.
There is a staircase leading out of the dungeon here.
You have escaped!

##################
#@.#.)'..#.)'..#__
#..'..#.)'..#..'..
#..#####'#####'#__
#..####..#...#.###
#..#__####..##.#§§
#..#_____##'#_.'§≈
#⌠⌠#_.∩...'..._#≈§
#..._..__##_.#'##+
#..#_____###'#.#.(


There were no monsters in sight!

Vanquished Creatures
  the Lernaean hydra (D)
  A deep elf master archer (D)
  A shadow dragon (D)
  3 fire giants (D)
  A lorocyproca (D)
  A mummy priest (D)
  A hydra (D)
  2 centaur warriors (D)
  Sonja (D)
  6 unseen horrors (D)
  2 lindwurms (D)
  A deep troll (D)
  2 oklob plants (D)
  8 shining eyes (D)
  A gargoyle (D)
  2 kobold demonologists (D)
  A hellwing (D)
  A demonic crawler (D)
  2 hornets (D)
  A slime creature (D)
  Sigmund (D)
  2 redbacks (D)
  13 hogs (D)
  A yak (D)
  7 floating eyes (D)
  An ogre (D)
  7 necrophages (D)
  8 jellies (D)
  Ijyb (D)
  2 ballistomycetes (D)
82 creatures vanquished.

Vanquished Creatures (collateral kills)
  A golden dragon (D)
  A daeva (D)
  A fire giant (D)
  A merfolk siren (D)
  3 demonic crawlers (D)
  A hornet (D)
  A ballistomycete spore (D)
9 creatures vanquished.

Vanquished Creatures (others)
  A deep elf annihilator (D)
  A merfolk siren (D)
  A gargoyle (D)
  2 hornets (D)
  A ballistomycete spore (D)
6 creatures vanquished.

Grand Total: 97 creatures vanquished

Notes
Turn   | Place    | Note
-------+----------+-------------------------------------------
     0 | D        | Groucho the Felid Berserker began the quest for the Orb.
     0 | D        | Reached XP level 1. HP: 12/12 MP: 2/2
     2 | D        | Reached skill level 6 in Stealth
     2 | D        | Reached XP level 2. HP: 16/16 MP: 3/3
     2 | D        | Noticed Ijyb
     4 | D        | Killed Ijyb
    14 | D        | Reached skill level 10 in Stealth
    14 | D        | Reached XP level 3. HP: 20/20 MP: 4/4
    14 | D        | Reached XP level 4. HP: 24/24 MP: 5/5
    14 | D        | Noticed an ogre
    16 | D        | Killed an ogre
    19 | D        | Reached skill level 13 in Stealth
    19 | D        | Reached XP level 5. HP: 28/28 MP: 6/6
    19 | D        | Noticed Sigmund
    21 | D        | Killed Sigmund
    21 | D        | Reached ** piety under Trog
    55 | D        | Found an ornate altar of the Wu Jian Council.
    55 | D        | Found a deep blue altar of Sif Muna.
    57 | D        | Found a radiant altar of Vehumet.
    64 | D        | Found Saply's Jewellery Emporium.
    64 | D        | Found an ancient bone altar of Kikubaaqudgha.
    64 | D        | Found a hazy altar of Hepliaklqana.
    64 | D        | Found a stormy altar of Qazlal.
    64 | D        | Found a hide-covered altar of Uskayaw.
    64 | D        | Found a blossoming altar of Fedhas.
    64 | D        | Found a bloodstained altar of Trog.
    64 | D        | Found an iron altar of Okawaru.
    64 | D        | Found a basalt altar of Yredelemnul.
    64 | D        | Found a glowing golden altar of the Shining One.
    64 | D        | Found a snail-covered altar of Cheibriados.
    64 | D        | Found a sacrificial altar of Ru.
    64 | D        | Found a glowing silver altar of Zin.
    64 | D        | Found a shadowy altar of Dithmenos.
    64 | D        | Found a white marble altar of Elyvilon.
    64 | D        | Reached skill level 15 in Stealth
    64 | D        | Gained mutation: You are covered in thick fur. (AC +2)
                  | [Felid growth]
    64 | D        | Reached XP level 6. HP: 32/32 MP: 7/7
    64 | D        | Noticed a yak
    65 | D        | Found an opulent altar of Gozag.
    66 | D        | Killed a yak
    67 | D        | Found a sparkling altar of Nemelex Xobeh.
   113 | D        | Found a burning altar of Makhleb.
   113 | D        | Found a shimmering altar of Xom.
   113 | D        | Reached skill level 17 in Stealth
   113 | D        | Noticed a slime creature
   114 | D        | Found a viscous altar of Jiyva.
   114 | D        | Found a corrupted altar of Lugonu.
   116 | D        | Killed a slime creature
   116 | D        | Reached *** piety under Trog
   130 | D        | Killed a gargoyle
   148 | D        | Reached skill level 5 in Fighting
   148 | D        | Reached XP level 7. HP: 39/39 MP: 8/8
   148 | D        | Noticed a centaur warrior
   148 | D        | Reached skill level 18 in Stealth
   148 | D        | Reached XP level 8. HP: 45/45 MP: 9/9
   148 | D        | Noticed a centaur warrior
   149 | D        | Killed a centaur warrior
   150 | D        | Killed a centaur warrior
   386 | D        | Noticed a hornet
   389 | D        | Killed a hornet
   400 | D        | Noticed an oklob plant
   402 | D        | Killed an oklob plant
   402 | D        | Reached **** piety under Trog
   406 | D        | Noticed a redback
   407 | D        | Noticed a redback
   409 | D        | Killed a redback
   412 | D        | Killed a redback
   416 | D        | Reached skill level 10 in Dodging
   416 | D        | Reached skill level 19 in Stealth
   441 | D        | Reached XP level 9. HP: 51/51 MP: 10/10
   441 | D        | Noticed an unseen horror
   441 | D        | Reached skill level 10 in Unarmed Combat
   441 | D        | Noticed an unseen horror
   446 | D        | Killed an unseen horror
   446 | D        | Reached ***** piety under Trog
   448 | D        | Killed an unseen horror
   719 | D        | Reached ****** piety under Trog
   749 | D        | Found Onujill's Food Shoppe.
   749 | D        | Found Qeymijuf's General Store.
   749 | D        | Found Isakedug's Weapon Boutique.
   751 | D        | Found Qeusor's Book Emporium.
   751 | D        | Found Vadoej's Assorted Antiques.
   751 | D        | Found Kyez's Weapon Shoppe.
   751 | D        | Found Lish's General Store.
   751 | D        | Found Eger's Antique Armour Emporium.
   751 | D        | Found Siogiowe's Gadget Shop.
   751 | D        | Found Geluw's Jewellery Shoppe.
   755 | D        | Found Jelyps's Antique Weapon Boutique.
   756 | D        | Found Fotize's Weapon Emporium.
   756 | D        | Found Ugasucre's Magic Scroll Boutique.
   757 | D        | Found Bucw's Armour Emporium.
   764 | D        | Bought the ring "Ushruuffoal" {rF+ Str+2} for 301 gold
                  | pieces
   765 | D        | Bought a wand of digging (4) for 224 gold pieces
   773 | D        | Bought a potion of flight for 42 gold pieces
   789 | D        | Bought a scroll of identify for 28 gold pieces
  1174 | D        | Noticed a deep troll
  1176 | D        | Killed a deep troll
  1192 | D        | Found Keagal's Armour Emporium.
  1207 | D        | Reached skill level 20 in Stealth
  1207 | D        | Noticed Sonja
  1210 | D        | Killed Sonja
  1226 | D        | Found Rumn's Book Boutique.
  1615 | D        | Noticed a kobold demonologist
  1616 | D        | Reached XP level 10. HP: 59/59 MP: 11/11
  1616 | D        | Noticed a kobold demonologist
  1618 | D        | Killed a kobold demonologist
  1621 | D        | Killed a kobold demonologist
  1623 | D        | Reached skill level 10 in Fighting
  2029 | D        | Noticed a lindwurm
  2031 | D        | Killed a lindwurm
  2043 | D        | Reached skill level 21 in Stealth
  2142 | D        | Noticed a 12-headed hydra
  2144 | D        | Killed a 12-headed hydra
  2265 | D        | Bought the ring "Etrux" {rC+ rN+ MR+} for 396 gold pieces
  2265 | D        | Bought an uncursed ring of flight for 175 gold pieces
  2744 | D        | Noticed a shadow dragon
  2745 | D        | Reached skill level 15 in Dodging
  2745 | D        | Reached XP level 11. HP: 66/66 MP: 12/12
  2745 | D        | Noticed a golden dragon
  2749 | D        | Killed a shadow dragon
  2757 | D        | Killed a golden dragon
  2825 | D        | Found Koenij's Book Shoppe.
  2907 | D        | Reached skill level 22 in Stealth
  2907 | D        | Noticed a deep elf annihilator
  2911 | D        | Killed a deep elf annihilator
  2916 | D        | Noticed an oklob plant
  2916 | D        | Noticed a mummy priest
  2968 | D        | Killed an oklob plant
  2979 | D        | Noticed a sixfirhy
  2983 | D        | Mangled by an ice devil
  2984 | D        | Reached XP level 10. HP: -9/63 MP: 11/11
  3013 | D        | Noticed a rust devil
  3101 | D        | Noticed an unseen horror
  3106 | D        | Reached skill level 15 in Unarmed Combat
  3106 | D        | Noticed a daeva
  3113 | D        | Killed an unseen horror
  3450 | D        | Noticed an unseen horror
  3450 | D        | Noticed an unseen horror
  3450 | D        | Noticed an unseen horror
  3466 | D        | Reached XP level 11. HP: 5/68 MP: 12/12
  3466 | D        | Noticed a fire crab
  3466 | D        | an unseen horror changed into a fire crab
  3470 | D        | Noticed a death drake
  3470 | D        | a fire crab changed into a death drake
  3471 | D        | Noticed a lindwurm
  3471 | D        | a death drake changed into a lindwurm
  3474 | D        | Killed a lindwurm
  3475 | D        | Killed an unseen horror
  3482 | D        | HP: 1/68 [unseen horror (7)]
  3494 | D        | Killed an unseen horror
  3835 | D        | Killed a daeva
  3931 | D        | Bought the amulet "Odghos" {RegenMP rF+} for 616 gold
                  | pieces
  3943 | D        | Bought a scroll of blinking for 75 gold pieces
  3943 | D        | Bought 2 potions of haste for 200 gold pieces
  3945 | D        | Bought a scroll of blinking for 172 gold pieces
  3945 | D        | Bought a scroll labeled RAANAU PIACAC for 23 gold pieces
  3945 | D        | Bought a scroll labeled RAANAU PIACAC for 23 gold pieces
  3945 | D        | Bought a fizzy black potion for 20 gold pieces
  3945 | D        | Bought a scroll labeled HAPNET OBROE for 23 gold pieces
  3945 | D        | Bought a purple potion for 20 gold pieces
  3957 | D        | Bought a scroll of enchant weapon for 105 gold pieces
  3957 | D        | Bought a scroll of vulnerability for 105 gold pieces
  3957 | D        | Bought a scroll of remove curse for 42 gold pieces
  3957 | D        | Bought a scroll of immolation for 49 gold pieces
  3957 | D        | Bought a scroll of identify for 28 gold pieces
  3957 | D        | Bought a scroll of identify for 28 gold pieces
  3961 | D        | Gained mutation: You can translocate small distances at
                  | will. [potion of mutation]
  3961 | D        | Gained mutation: You are clumsy. (Dex -2) [potion of
                  | mutation]
  3961 | D        | Gained mutation: You are partially covered in slimy green
                  | scales. (AC +2) [potion of mutation]
  4013 | D        | Noticed a shining eye
  4013 | D        | Reached skill level 23 in Stealth
  4013 | D        | Noticed a shining eye
  4013 | D        | Noticed a shining eye
  4013 | D        | Noticed a shining eye
  4013 | D        | Noticed a shining eye
  4013 | D        | Noticed a shining eye
  4018 | D        | Paralysed by a floating eye for 3 turns
  4026 | D        | Killed a shining eye
  4027 | D        | Paralysed by a floating eye for 2 turns
  4031 | D        | Killed a shining eye
  4035 | D        | Killed a shining eye
  4036 | D        | Paralysed by a floating eye for 3 turns
  4041 | D        | Killed a shining eye
  4045 | D        | Paralysed by a floating eye for 4 turns
  4050 | D        | Killed a shining eye
  4056 | D        | Killed a shining eye
  4059 | D        | Noticed a shining eye
  4059 | D        | Noticed a shining eye
  4067 | D        | Killed a shining eye
  4073 | D        | Killed a shining eye
  4074 | D        | Found Puosuol's Armour Shop.
  4074 | D        | Found Tijiet's Jewellery Shoppe.
  4074 | D        | Found Bohaneck's General Store.
  4074 | D        | Found Anwen's Gadget Emporium.
  4090 | D        | Bought a potion of degeneration for 13 gold pieces
  4194 | D        | Noticed a shadow wraith
  4235 | D        | Noticed a phantasmal warrior
  4236 | D        | Killed a mummy priest
  4504 | D        | Lost mutation: You are clumsy. (Dex -2) [potion of
                  | mutation]
  4504 | D        | Lost mutation: You can translocate small distances at will.
                  | [potion of mutation]
  4504 | D        | Lost mutation: You are partially covered in slimy green
                  | scales. (AC +2) [potion of mutation]
  4504 | D        | Gained mutation: You are partially covered in yellow
                  | scales. (AC +2) [potion of mutation]
  4526 | D        | Noticed the 27-headed Lernaean hydra
  4530 | D        | Killed the 27-headed Lernaean hydra
  4539 | D        | Noticed a deep elf master archer
  5444 | D        | Killed a deep elf master archer
  5485 | D        | Reached skill level 24 in Stealth
  5485 | D        | Gained mutation: Your thick and shaggy fur keeps you warm.
                  | (AC +3, rC+) [Felid growth]
  5485 | D        | Reached XP level 12. HP: 49/75 MP: 10/10
  5485 | D        | Noticed Lom Lobon
  5605 | D        | Reached skill level 15 in Fighting
  5636 | D        | Noticed a fire giant
  5643 | D        | Noticed a fire giant
  5643 | D        | Noticed a fire giant
  5653 | D        | Killed a fire giant
  5656 | D        | Killed from afar by a fire giant
  5657 | D        | Reached XP level 11. HP: -5/106 MP: 12/12
  5762 | D        | Noticed a lorocyproca
  5778 | D        | Killed a lorocyproca
  5880 | D        | Killed a fire giant
  5919 | D        | Killed a fire giant
  6131 | D        | Noticed a fire giant
  6154 | D        | Killed a fire giant
  6403 | D        | Identified the +4 dragonskin cloak
  6403 | D        | Reached skill level 25 in Stealth
  6403 | D        | Reached XP level 12. HP: 77/77 MP: 13/13
  6403 | D        | Noticed Tiamat
  6415 | D        | Got the Orb of Zot
  6488 | D        | Escaped with the Orb!

Skill      XL: |  1  2  3  4  5  6  7  8  9 10 11 12 |
---------------+-------------------------------------+-----
Stealth        | 6 10 13 15 17 18 19 20 21 25 | 25.3
Fighting       | 5 6 8 9 13 16 15 | 16.0
Dodging        | 7 8 10 12 16 18 19 | 19.9
Unarmed Combat | 6 7 9 11 15 18 | 18.5

Action                   |  1- 3 |  4- 6 |  7- 9 | 10-12 || total
-------------------------+-------+-------+-------+-------++-------
Melee: Unarmed           |     1 |     5 |    43 |   188 ||   237
       Bite              |       |       |     5 |    32 ||    37
       Punch             |       |       |     1 |    23 ||    24
Invok: Berserk           |       |       |     2 |     3 ||     5
       Brothers in Arms  |       |       |     1 |    15 ||    16
       Trog's Hand       |       |       |       |     9 ||     9
 Abil: Evoke Flight      |       |       |       |     5 ||     5
Evoke: Wand              |       |       |       |     7 ||     7
  Use: Scroll            |       |       |     2 |     5 ||     7
       Potion            |       |       |       |     9 ||     9
 Stab: Sleeping          |     1 |     5 |    17 |    13 ||    36
       Distracted        |       |       |       |     2 ||     2
  Eat: Chunk             |     2 |     4 |     4 |     9 ||    19
       Ration            |       |       |       |     3 ||     3
Armor: Skin              |       |       |       |     1 ||     1
Dodge: Dodged            |       |       |    24 |   193 ||   217
